 Dungeon Crawl Stone Soup version 0.25-a0-294-gea9b1ad378 (webtiles) character file.

Game seed: 3697294158469664577, levelgen mode: deterministic

3980 Faustar the Cleaver (level 10, 0/99 HPs)
             Began as a Hill Orc Monk on Dec 19, 2019.
             Was a Priest of Beogh.
             Slain by a bullfrog (3 damage)
             ... on level 8 of the Dungeon.
             The game lasted 00:20:48 (11212 turns).

Faustar the Cleaver (Hill Orc Monk)                Turns: 11212, Time: 00:20:48

Health: 0/99       AC: 10    Str: 18    XL:     10   Next: 22%
Magic:  0/10       EV:  7    Int: 10    God:    Beogh [***...]
Gold:   412        SH:  0    Dex: 13    Spells: 9/9 levels left

rFire    . . .     SeeInvis +   a - +0 hand axe
rCold    . . .     Gourm    .   (no shield)
rNeg     . . .     Faith    .   r - +0 chain mail
rPois    .         Spirit   +   l - +0 helmet
rElec    .         Reflect  .   p - scarf {Spirit}
rCorr    .         Harm     .   (no gloves)
MR       .....                  q - +0 pair of boots
Stlth    ..........             (no amulet)
HPRegen  0.26/turn              (no ring)
MPRegen  0.12/turn              (no ring)

@: heavily drained
A: talons 1, see invisible
a: Smiting, Renounce Religion


You were on level 8 of the Dungeon.
You worshipped Beogh.
Beogh was most pleased with you.
You were not hungry.

You visited 1 branch of the dungeon, and saw 8 of its levels.

You collected 412 gold pieces.

Inventory:

Hand Weapons
 a - a +0 hand axe (weapon)
Armour
 b - a +0 robe
 l - a +0 helmet (worn)
 p - a scarf of spirit shield (worn)
 q - a +0 pair of boots (worn)
 r - a +0 chain mail (worn)
Jewellery
 g - a +2 ring of evasion {unknown}
 m - an uncursed amulet of magic regeneration {unknown}
Wands
 t - a wand of scattershot (3)
Scrolls
 d - 5 scrolls of remove curse
 f - 2 scrolls of fog
 i - a scroll of magic mapping
 j - 10 scrolls of identify
 k - 3 scrolls of enchant weapon
 o - 2 scrolls of fear {unknown}
 u - a scroll of blinking
 w - 7 scrolls of teleportation
 y - 2 scrolls of amnesia
Potions
 e - 3 potions of curing
 h - a potion of ambrosia
 n - a potion of mutation
 s - a potion of flight
 v - 2 potions of heal wounds
 x - 2 potions of might
 z - 2 potions of brilliance
Comestibles
 c - 18 rations


   Skills:
 + Level 12.4(10.6) Fighting
 + Level 13.4(11.5) Axes
 - Level 2.4(1.0) Dodging
 - Level 1.5(0.2) Stealth


You had 9 spell levels left.
You didn't know any spells.
Your spell library was empty.

Dungeon Overview and Level Annotations

Branches:
Dungeon (8/15)             Temple (0/1) D:7
   Lair: D:8-11

Altars:
Makhleb
Ru
Uskayaw
Yredelemnul

Shops:
D:5 *

Annotations:
D:7 1 runed translucent door
D:8 1 runed translucent door


Innate Abilities, Weirdness & Mutations

You have sharp toenails.
You have supernaturally acute eyesight. (SInv)


Message History

A scorpion comes into view.
You hit the two-headed ogre.
The two-headed ogre is heavily wounded.
You hit the porcupine. The porcupine bites you.
Your chain mail prevents you from hitting the two-headed ogre.
The two-headed ogre is heavily wounded.
Your chain mail prevents you from hitting the porcupine.
The porcupine bites you but does no damage.
Your orc barely misses the two-headed ogre.
The two-headed ogre hits you with a +0 giant club!
* * * LOW HITPOINT WARNING * * *
The two-headed ogre hits you with a +0 giant club!!
* * * LOW HITPOINT WARNING * * *
The bullfrog closely misses your orc. The porcupine barely misses you.
Your orc closely misses the two-headed ogre.
The bullfrog hits your orc!
Something closely misses the two-headed ogre.
A bullfrog comes into view.
The bullfrog hits you.
You die...

.P.P.#'####.#.##.######.#
P.P....#....#.##........#
.......#.##.#)###########
.PP....#.##.#........
.PP...[.....#..######
.......#.##.#..###
.P.P.P.s.#...<....
..P.P..OF##....###
.P..P..#..@F...#
P..P...#####..## .......
..>... .....## #.###.#
..## # ##


You could see a two-headed ogre, 2 bullfrogs and a scorpion.

Vanquished Creatures
  Pikel (D:6)
  A yak (D:8)
  A water moccasin (D:4)
  3 porcupines (D:8)
  3 slaves
  3 sky beasts
  A necrophage (D:8)
  6 ogres
  4 centaurs
  A big kobold (D:8)
  Blork the orc (D:5)
  A bullfrog (D:8)
  A wyvern skeleton (D:6)
  5 scorpions
  A water moccasin skeleton (D:8)
  5 wights
  2 jellies (D:5)
  A howler monkey (D:6)
  A crimson imp (D:5)
  A bullfrog zombie (D:5)
  An orc priest (D:6)
  3 bullfrog skeletons
  2 hounds
  8 orc wizards
  9 worker ants
  A worker ant zombie (D:8)
  9 adders
  7 gnolls
  An adder zombie (D:5)
  An ooze (D:2)
  2 adder skeletons
  3 worms
  A dart slug (D:4)
  5 leopard geckos
  26 orcs
  6 giant cockroaches
  6 goblins
  9 hobgoblins
  10 jackals
  13 kobolds
  3 quokkas
  4 ball pythons
  7 bats
  6 frilled lizards
  A giant cockroach zombie (D:5)
  2 leopard gecko skeletons
  6 rats
195 creatures vanquished.

Vanquished Creatures (others)
  A slave (D:6)
  2 orcs
  39 fungi (D:8)
  9 plants (D:8)
51 creatures vanquished.

Grand Total: 246 creatures vanquished

Notes
Turn   | Place    | Note
-------+----------+-------------------------------------------
     0 | D:1      | Faustar the Hill Orc Monk began the quest for the Orb.
     0 | D:1      | Reached XP level 1. HP: 19/19 MP: 1/1
   401 | D:1      | Reached XP level 2. HP: 27/27 MP: 2/2
   826 | D:2      | Reached XP level 3. HP: 25/34 MP: 3/3
   943 | D:2      | Gained mutation: You have supernaturally acute eyesight.
                  | (SInv) [potion of mutation]
   943 | D:2      | Gained mutation: You have sharp toenails. [potion of
                  | mutation]
   947 | D:2      | Reached skill level 5 in Axes
  1259 | D:2      | You fall into a shaft and drop 2 floors!
  1780 | D:2      | Reached XP level 4. HP: 30/41 MP: 4/4
  2254 | D:3      | Reached skill level 5 in Fighting
  2670 | D:3      | Reached skill level 6 in Axes
  2670 | D:3      | Reached XP level 5. HP: 32/48 MP: 2/5
  3326 | D:4      | Reached XP level 6. HP: 44/57 MP: 4/6
  3371 | D:4      | Noticed a sky beast
  3386 | D:4      | Killed a sky beast
  3386 | D:4      | Reached skill level 7 in Axes
  3406 | D:4      | Reached XP level 7. HP: 38/64 MP: 4/7
  3660 | D:4      | Reached skill level 8 in Axes
  4318 | D:5      | Entered Level 5 of the Dungeon
  4374 | D:5      | Noticed Blork the orc
  5132 | D:5      | Found a sacrificial altar of Ru.
  5158 | D:4      | Reached skill level 9 in Axes
  5158 | D:4      | Reached XP level 8. HP: 24/75 MP: 5/8
  5602 | D:5      | Became a worshipper of Beogh the Brigand
  5602 | D:5      | Reached * piety under Beogh
  5602 | D:5      | Reached ** piety under Beogh
  5640 | D:5      | Found a burning altar of Makhleb.
  5655 | D:5      | Killed Blork the orc
  5715 | D:5      | Found Yvops's General Store.
  5897 | D:5      | Reached skill level 10 in Axes
  6380 | D:6      | Noticed Pikel
  6820 | D:6      | Killed Pikel
  6820 | D:6      | Reached skill level 10 in Fighting
  6820 | D:6      | Reached skill level 11 in Axes
  6820 | D:6      | Reached XP level 9. HP: 74/86 MP: 9/9
  7828 | D:6      | Reached skill level 12 in Axes
  9094 | D:7      | Found a hide-covered altar of Uskayaw.
  9094 | D:7      | Noticed a +0 dagger
  9094 | D:7      | Noticed a +0 hand axe
  9468 | D:7      | Found a runed translucent door.
  9491 | D:7      | Found a staircase to the Ecumenical Temple.
 10351 | D:8      | Reached XP level 10. HP: 92/97 MP: 10/10
 10354 | D:8      | Found a runed translucent door.
 10356 | D:8      | Found a basalt altar of Yredelemnul.
 10395 | D:8      | Reached skill level 13 in Axes
 10834 | D:8      | Noticed a two-headed ogre
 11162 | D:8      | Reached *** piety under Beogh
 11207 | D:8      | HP: 1/99 [two-headed ogre/+0 giant club (17)]
 11212 | D:8      | Slain by a bullfrog

Levels and vault maps discovered:
D:1:      lightli_arrival_chessboard, layout_basic, fountainhead
D:2:      layout_loops_cross
D:3:      minmay_razor_zed, layout_basic
D:4:      layout_gridville, enter_ossuary_2
D:5:      minmay_chambers_of_threes, layout_cave_pools, basic_altar,
          first_ration, serial_shops, nicolae_shop_waterfront,
          nicolae_ru_awakened_eye, uniq_blork_the_orc
D:6:      layout_loops_ring, uniq_pikel
D:7:      layout_loops_ring, dancing_weapons_uskayaw,
          minmay_temple_entry_overgrown, lightli_church_of_beogh
D:8:      layout_basic, due_lair_maze_entry_diamond, blue_anna_alchemist
          [blue_anna_fruit_fields, blue_anna_fruit_fields], st_stairs_5,
          dk_yredelemnul_ordeal

Skill      XL: |  1  2  3  4  5  6  7  8  9 10 |
---------------+-------------------------------+-----
Fighting       | 4 5 6 8 10 11 12 | 12.4
Axes           | 5 6 7 9 11 12 13 | 13.4
Dodging        | |  2.4
Stealth        | |  1.5

Action                   |  1- 3 |  4- 6 |  7- 9 | 10-12 || total
-------------------------+-------+-------+-------+-------++-------
Melee: Hand axe          |    90 |   184 |   676 |   139 ||  1089
       Kick              |     6 |    41 |    40 |       ||    87
Invok: Convert to Beogh  |       |       |     1 |       ||     1
  Use: Potion            |     7 |       |     6 |       ||    13
       Scroll            |       |       |    10 |       ||    10
 Stab: Sleeping          |     5 |     1 |       |       ||     6
  Eat: Chunk             |     2 |     6 |    16 |     3 ||    27
       Ration            |       |       |     2 |       ||     2
Armor: Robe              |    10 |     4 |       |       ||    14
       Chain mail        |       |   110 |   353 |    37 ||   500
Dodge: Dodged            |    66 |    71 |   212 |    30 ||   379

Table legend:
 A = Non-vault XP
 B = Vault XP
 C = Vault XP percentage of total XP
 D = Non-vault monster count
 E = Vault monster count
 F = Vault count percentage of total count
                 A         B        C        D         E       F
            +---------+---------+-------+---------+---------+-------
      Total |    3784 |    1903 |  33.5 |     161 |      31 |  16.1
            +---------+---------+-------+---------+---------+-------
        D:1 |      17 |       0 |   0.0 |      11 |       0 |   0.0
        D:2 |      71 |       0 |   0.0 |      16 |       0 |   0.0
        D:3 |      68 |      49 |  41.9 |      15 |      15 |  50.0
        D:4 |    1082 |       0 |   0.0 |      34 |       0 |   0.0
        D:5 |     872 |     545 |  38.5 |      32 |      10 |  23.8
        D:6 |     693 |     651 |  48.4 |      14 |       1 |   6.7
        D:7 |     327 |       0 |   0.0 |      15 |       0 |   0.0
        D:8 |     654 |     658 |  50.2 |      24 |       5 |  17.2
            +---------+---------+-------+---------+---------+-------
